Workbook

Sheet COVER (2)
C2: บัญชีปริมาณงาน และ ราคา Client : Project: : งานปรับปรุงและตกแต่งบ้านพักอาศัย หมู่บ้านโนเบิล อนาวานา Location : แขวงศาลาธรรมสพน์ เขตทวีวัฒนา กรุงเทพมหานคร | E2: No. | F2: 2023-0032
C3: โครงการ | D3: ปรับปรุงบ้านพักอาศัย2ชั้น หมู่บ้าน Nobel Anawana | E3: Date | F3: 45091
C4: Item | D4: Description | F4: Qty | G4: Unit | H4: Total | I4: Remarks
H5: 45092
D6: ราคาประมาณการ
C7: 1 | D7: งานปรับปรุงโรงรถ | F7: 1 | G7: งาน
C8: 2 | D8: งานปรับปรุงซุ้มประตูรั้วทางเดินเข้าบ้าน | F8: 1 | G8: งาน
C9: 3 | D9: งานปรับปรุงรายละเอียดอาคารทั่วไป | F9: 1 | G9: งาน
C10: 4 | D10: งานปรับปรุงรายละเอียดการตกแต่งภายใน | F10: 1 | G10: งาน
C11: 5 | D11: งานปรับปรุงระบบไฟฟ้า | F11: 1 | G11: งาน
C12: 6 | D12: งานปรับปรุงระบบสุขาภิบาล | F12: 1 | G12: งาน
C13: 7 | D13: งานอื่นๆ | F13: 1 | G13: งาน
C14: 8 | D14: งานเตรียมการ | F14: 1 | G14: งาน
C17: * | D17: รวมงานทุกอย่างตามแบบและ TOR
C18: * | D18: รวมงานเพิ่มประตู+หน้าต่างอลูมิเนียม
C19: * | D19: รวมงานทำสีโต๊ะวาง TV ใหญ่ 2 ตัว เล็ก 1 ตัว
C20: * | D20: หักงานลดมอเตอร์ประตูหน้า
D21: รวมเบื้องต้น | H21: =SUM(H15:H20) -> 0
D22: Over Head & Profit | H22: 11550
D23: รวมทั้งหมด | H23: =H21+H22 -> 11550
D24: ส่วนลดพิเศษ | H24: 50000
D25: Total price | H25: =H23-H24 -> -38450
D28: ตัดออก | H28: =SUM(H29:H32) -> 50000
C29: 1 | D29: - D8 (ยกเลิกงานซ่อม เปลี่ยนเป็นงานทำใหม่) | H29: 4000
C30: 2 | D30: - D9 (ยกเลิกงานซ่อม เปลี่ยนเป็นงานทำใหม่) | H30: 8000
C31: 3 | D31: - W7 (ยกเลิกงานซ่อม เปลี่ยนเป็นงานทำใหม่) | H31: 18000
C32: 4 | D32: ติดตั้งมอเตอร์ประตุ (ยกเลิก เจ้าของดำเนินการเอง) | H32: 20000
D33: เสนอเพิ่ม | H33: =SUM(H34:H39) -> 170000 | L33: =SUM(L34:L38) -> 136000 | N33: 30000
C34: 1 | D34: - โถงนั่งเล่น (D8) | H34: =L34+N34 -> 28073.529 | L34: 23000 | M34: =L34/L$33 -> 0.16911765 | N34: =N$33*M34 -> 5073.5294
C35: 2 | D35: - ห้องพระ,ห้องนอนเจ้าของบ้าน (D9) | H35: =L35+N35 -> 56147.059 | L35: 46000 | M35: =L35/L$33 -> 0.33823529 | N35: =N$33*M35 -> 10147.059
C36: 3 | D36: - หน้าต่างบานเลื่อน ชั้น 2 (W7) | H36: =L36+N36 -> 46382.353 | L36: 38000 | M36: =L36/L$33 -> 0.27941176 | N36: =N$33*M36 -> 8382.3529
C37: 4 | D37: - ช่องแสง | H37: =L37+N37 -> 21970.588 | L37: 18000 | M37: =L37/L$33 -> 0.13235294 | N37: =N$33*M37 -> 3970.5882
C38: 5 | D38: - ช่องแสง ครัว | H38: =L38+N38 -> 13426.471 | L38: 11000 | M38: =L38/L$33 -> 0.080882353 | N38: =N$33*M38 -> 2426.4706
C39: 8 | D39: Over Head & Profit (ส่วนเพิ่ม) | H39: 4000
D41: Balance | H41: =H33-H28 -> 120000
D43: Total | H43: =H25+H41 -> 81550

Sheet BILL OF QUANTITY_02
C2: บัญชีปริมาณงานและราคา (version ; 24 April 2023 : 10:00) Project: : งานปรับปรุงและตกแต่งบ้านพักอาศัย หมู่บ้านโนเบิล อนาวานา
I3: Area | J3: ='[1]List(2)'!$AD$118 -> 280.75 | Q3: Area | R3: ='[1]List(2)'!$AD$118 -> 280.75
I4: Date | Q4: Date
C5: Item | D5: Description | E5: Qty | F5: Unit | G5: Units Price (THB) | J5: Amount | K5: Remarks | N5: cost/sqm | O5: Units Price (THB) | R5: Amount
G6: Material | H6: Labor | I6: Total | M6: =SUM(M27:M172) -> 2095950 | N6: =SUM(N27:N172) -> 7135.2469 | O6: Material | P6: Labor | Q6: Total | S6: =SUM(S27:S172) -> 728750 | T6: =SUM(T27:T172) -> 2595.7257
D7: ราคาประมาณการ
C8: 1 | D8: งานปรับปรุงโรงรถ | I8: =J8/J$22 -> 0.038505338 | J8: ='BILL OF QUANTITY_02'!J26 -> 81150 | K8: =J8/J$3 -> 289.0472 | Q8: =R8/R$22 -> 0.038505338 | R8: ='BILL OF QUANTITY_02'!R26 -> 81150
C9: 3 | D9: งานปรับปรุงรายละเอียดอาคารทั่วไป | I9: =J9/J$22 -> 0.60014235 | J9: ='BILL OF QUANTITY_02'!J39 -> 1264800 | K9: =J9/J$3 -> 4505.0757 | Q9: =R9/R$22 -> 0.60014235 | R9: ='BILL OF QUANTITY_02'!R39 -> 1264800
C10: 4 | D10: งานปรับปรุงรายละเอียดการตกแต่งภายใน | I10: =J10/J$22 -> 0.11862396 | J10: =J102 -> 250000 | K10: =J10/J$3 -> 890.47195 | Q10: =R10/R$22 -> 0.11862396 | R10: =R102 -> 250000
C11: 5 | D11: งานปรับปรุงระบบไฟฟ้า | I11: =J11/J$22 -> 0.071411625 | J11: =J118 -> 150500 | K11: =J11/J$3 -> 536.06411 | Q11: =R11/R$22 -> 0.071411625 | R11: =R118 -> 150500
C12: 6 | D12: งานปรับปรุงระบบสุขาภิบาล | I12: =J12/J$22 -> 0.031553974 | J12: 66500 | K12: =J12/J$3 -> 236.86554 | Q12: =R12/R$22 -> 0.031553974 | R12: 66500
C13: 7 | D13: งานอื่นๆ | I13: =J13/J$22 -> 0.048398577 | J13: ='BILL OF QUANTITY_02'!J149 -> 102000 | K13: =J13/J$3 -> 363.31256 | Q13: =R13/R$22 -> 0.048398577 | R13: ='BILL OF QUANTITY_02'!R149 -> 102000
C14: 8 | D14: งานเตรียมการ | I14: =J14/J$22 -> 0.085883749 | J14: ='BILL OF QUANTITY_02'!J159 -> 181000 | K14: =J14/J$3 -> 644.70169 | Q14: =R14/R$22 -> 0.085883749 | R14: ='BILL OF QUANTITY_02'!R159 -> 181000
C16: * | D16: รวมงานทุกอย่างตามแบบและ TOR
C17: * | D17: รวมงานเพิ่มประตู+หน้าต่างอลูมิเนียม
C18: * | D18: รวมงานทำสีโต๊ะวาง TV ใหญ่ 2 ตัว เล็ก 1 ตัว
C19: * | D19: หักงานลดมอเตอร์ประตูหน้า
D20: รวมเบื้องต้น | J20: =SUM(J8:J19) -> 2095950 | K20: =J20/J$3 -> 7465.5387 | R20: =SUM(R8:R19) -> 2095950
D21: Over Head & Profit | J21: 11550 | R21: 11550
D22: รวมทั้งหมด | J22: =J20+J21 -> 2107500 | K22: =J22/J$3 -> 7506.6785 | R22: =R20+R21 -> 2107500
C26: 1 | D26: งานปรับปรุงโรงรถ | J26: =SUM(J27:J37) -> 81150 | R26: =SUM(R27:R37) -> 81150
C27: 1.1 | D27: งานรื้อถอน+ขนทิ้ง | E27: 1 | F27: งาน | G27: 5000 | H27: 15000 | I27: =G27+H27 -> 20000 | J27: =E27*I27 -> 20000 | M27: =SUM(J27:J37) -> 81150 | N27: =M27/J3 -> 289.0472 | O27: 5000 | P27: 15000 | Q27: =O27+P27 -> 20000 | R27: =$E27*Q27 -> 20000
C28: 1.2 | D28: งานสีโครงหลังคาเดิม
D29: - ขัด-รอกสีเดิม | E29: 25 | F29: ตร.ม. | G29: 50 | H29: 150 | I29: =G29+H29 -> 200 | J29: =E29*I29 -> 5000 | O29: 50 | P29: 150 | Q29: =O29+P29 -> 200 | R29: =$E29*Q29 -> 5000
D30: - ทาสีใหม่ (รองพื้นกันสนิม1เที่ยว+ทับหน้า2เที่ยว) | E30: 25 | F30: ตร.ม. | G30: 200 | H30: 200 | I30: =G30+H30 -> 400 | J30: =E30*I30 -> 10000 | O30: 200 | P30: 200 | Q30: =O30+P30 -> 400 | R30: =$E30*Q30 -> 10000
C31: 1.3 | D31: งานมุงหลังคาใหม่
D32: - หลังคาเมทัลชีท ชนิด PU โฟม หนา 2 นิ้ว ปิดด้วยฟลอย | E32: 25 | F32: ตร.ม. | G32: 420 | H32: 250 | I32: =G32+H32 -> 670 | J32: =E32*I32 -> 16750 | O32: 420 | P32: 250 | Q32: =O32+P32 -> 670 | R32: =$E32*Q32 -> 16750
C33: 1.3 | D33: งานฝ้าเพดาน | E33: 25 | F33: ตร.ม. | G33: 250 | H33: 300 | I33: =G33+H33 -> 550 | J33: =E33*I33 -> 13750 | O33: 250 | P33: 300 | Q33: =O33+P33 -> 550 | R33: =$E33*Q33 -> 13750
C34: 1.4 | D34: งานทาสีฝ้า | E34: 25 | F34: ตร.ม. | G34: 150 | H34: 100 | I34: =G34+H34 -> 250 | J34: =E34*I34 -> 6250 | O34: 150 | P34: 100 | Q34: =O34+P34 -> 250 | R34: =$E34*Q34 -> 6250
C35: 1.5 | D35: งานระบไฟฟ้า-แสงสว่าง
D36: - งานเดินท่อ-ร้อยสาย | E36: 1 | F36: เหมา | G36: 3500 | H36: 3500 | I36: =G36+H36 -> 7000 | J36: =E36*I36 -> 7000 | O36: 3500 | P36: 3500 | Q36: =O36+P36 -> 7000 | R36: =$E36*Q36 -> 7000
D37: - งานดวงโคมDownlight | E37: 4 | F37: ดวง | G37: 350 | H37: 250 | I37: =G37+H37 -> 600 | J37: =E37*I37 -> 2400 | O37: 350 | P37: 250 | Q37: =O37+P37 -> 600 | R37: =$E37*Q37 -> 2400
C39: 3 | D39: งานปรับปรุงรายละเอียดอาคารทั่วไป | J39: =SUM(J40:J101) -> 1264800 | R39: =SUM(R40:R101) -> 1264800
C40: 3.1 | D40: งานปรับปรุงสภาพกระเบื้องมุงหลังคา และทาสีหลังคา
D41: - งานซ่อมกระเบื้องชำรุด | E41: 30 | F41: จุด | G41: 800 | H41: 600 | I41: =G41+H41 -> 1400 | J41: =E41*I41 -> 42000 | K41: pro sum | M41: =SUM(J41:J44) -> 154000 | N41: =M41/$J$3 -> 548.53072 | O41: 800 | P41: 600 | Q41: =O41+P41 -> 1400 | R41: =$E41*Q41 -> 42000 | S41: =M41 -> 154000 | T41: =S41/$J$3 -> 548.53072
D42: - งานซ่อม-เปลี่ยน ตะเข้ราง | E42: 20 | F42: เมตร | G42: 800 | H42: 600 | I42: =G42+H42 -> 1400 | J42: =E43*I42 -> 56000 | K42: pro sum | O42: 800 | P42: 600 | Q42: =O42+P42 -> 1400 | R42: =$E42*Q42 -> 28000
D43: - งานซ่อม-เปลี่ยน งานไม้ เครื่องหลังคา | E43: 40 | F43: เมตร | G43: 800 | H43: 600 | I43: =G43+H43 -> 1400 | J43: =E44*I43 -> 28000 | K43: pro sum | O43: 800 | P43: 600 | Q43: =O43+P43 -> 1400 | R43: =$E43*Q43 -> 56000
D44: - งานเก็บปูนทรายครอบกระเบื้อง-ทาRoof seal | E44: 20 | F44: ตรม | G44: 800 | H44: 600 | I44: =G44+H44 -> 1400 | J44: =E44*I44 -> 28000 | O44: 800 | P44: 600 | Q44: =O44+P44 -> 1400 | R44: =$E44*Q44 -> 28000
D45: - งานทำความสะอากแผ่นกระเบื้อง-ทาสีใหม่ | E45: 240 | F45: ตรม | G45: 200 | H45: 350 | I45: =G45+H45 -> 550 | J45: =E45*I45 -> 132000 | M45: =J45 -> 132000 | N45: =J45/J3 -> 470.16919 | O45: 200 | P45: 350 | Q45: =O45+P45 -> 550 | R45: =$E45*Q45 -> 132000
C47: 3.2 | D47: งานสีอาคาร
C48: 3.2.1 | D48: งานรอกWallpaper | E48: 140 | F48: ตรม. | G48: 20 | H48: 100 | I48: =G48+H48 -> 120 | J48: =E48*I48 -> 16800 | M48: =SUM(J48:J54) -> 395250 | N48: =M48/$J$3 -> 1407.8362 | O48: 20 | P48: 100 | Q48: =O48+P48 -> 120 | R48: =$E48*Q48 -> 16800 | S48: =M48 -> 395250 | T48: =S48/$J$3 -> 1407.8362
C49: 3.2.2 | D49: สีผนังปูนฉาบภายใน | E49: 480 | F49: ตรม. | G49: 150 | H49: 100 | I49: =G49+H49 -> 250 | J49: =E49*I49 -> 120000 | K49: 0 | O49: 150 | P49: 100 | Q49: =O49+P49 -> 250 | R49: =$E49*Q49 -> 120000
C50: 3.2.3 | D50: สีผนังปูนฉาบภายนอก | E50: 320 | F50: ตรม. | G50: 180 | H50: 120 | I50: =G50+H50 -> 300 | J50: =E50*I50 -> 96000 | O50: 180 | P50: 120 | Q50: =O50+P50 -> 300 | R50: =$E50*Q50 -> 96000
C51: 3.2.4 | D51: สีฝ้าเพดาน | E51: 275 | F51: ตรม. | G51: 150 | H51: 100 | I51: =G51+H51 -> 250 | J51: =E51*I51 -> 68750 | O51: 150 | P51: 100 | Q51: =O51+P51 -> 250 | R51: =$E51*Q51 -> 68750
C52: 3.2.5 | D52: สีราวกันตก | E52: 15 | F52: ตรม. | G52: 150 | H52: 150 | I52: =G52+H52 -> 300 | J52: =E52*I52 -> 4500 | O52: 150 | P52: 150 | Q52: =O52+P52 -> 300 | R52: =$E52*Q52 -> 4500
C53: 3.2.6 | D53: สีงานไม้เครื่องหลังคา | E53: 240 | F53: ตรม. | G53: 200 | H53: 150 | I53: =G53+H53 -> 350 | J53: =E53*I53 -> 84000 | O53: 200 | P53: 150 | Q53: =O53+P53 -> 350 | R53: =$E53*Q53 -> 84000
C54: 3.2.7 | D54: สีประตู-หน้าต่างไม้ (วงกบ และบาน) | E54: 8 | F54: ตรม. | G54: 300 | H54: 350 | I54: =G54+H54 -> 650 | J54: =E54*I54 -> 5200 | O54: 300 | P54: 350 | Q54: =O54+P54 -> 650 | R54: =$E54*Q54 -> 5200
C56: 3.3 | D56: งานปรับปรุงชุดประตุ-หน้าต่าง
D57: 3.3.1. ชุดงานอลูมีเนียมเดิม ซ่อมสภาพ เปลี่ยนอุปกรณ์ | K57: ทั่วไป
D58: - D7 | E58: 6 | F58: ชุด | G58: 2000 | H58: 1000 | I58: =G58+H58 -> 3000 | J58: =E58*I58 -> 18000 | M58: =SUM(J58:J64) -> 43000 | N58: =M58/J3 -> 153.16118 | O58: 2000 | P58: 1000 | Q58: =O58+P58 -> 3000 | R58: =$E58*Q58 -> 18000
D59: - D8 (ยกเลิกงานซ่อม เปลี่ยนเป็นงานทำใหม่) | E59: 1 | F59: ชุด | G59: 2500 | H59: 1500 | I59: =G59+H59 -> 4000 | J59: =E59*I59 -> 4000 | O59: 2500 | P59: 1500 | Q59: =O59+P59 -> 4000 | R59: =$E59*Q59 -> 4000
D60: - D9 (ยกเลิกงานซ่อม เปลี่ยนเป็นงานทำใหม่) | E60: 2 | F60: ชุด | G60: 2500 | H60: 1500 | I60: =G60+H60 -> 4000 | J60: =E60*I60 -> 8000 | O60: 2500 | P60: 1500 | Q60: =O60+P60 -> 4000 | R60: =$E60*Q60 -> 8000
D61: - D10 | E61: 1 | F61: ชุด | G61: 2500 | H61: 1500 | I61: =G61+H61 -> 4000 | J61: =E61*I61 -> 4000 | O61: 2500 | P61: 1500 | Q61: =O61+P61 -> 4000 | R61: =$E61*Q61 -> 4000
D62: - D11 | E62: 1 | F62: ชุด | G62: 2000 | H62: 1000 | I62: =G62+H62 -> 3000 | J62: =E62*I62 -> 3000 | O62: 2000 | P62: 1000 | Q62: =O62+P62 -> 3000 | R62: =$E62*Q62 -> 3000
D63: - D12 | E63: 2 | F63: ชุด | G63: 2000 | H63: 1000 | I63: =G63+H63 -> 3000 | J63: =E63*I63 -> 6000 | O63: 2000 | P63: 1000 | Q63: =O63+P63 -> 3000 | R63: =$E63*Q63 -> 6000
D64: …. | I64: =G64+H64 -> 0 | Q64: =O64+P64 -> 0 | R64: =$E64*Q64 -> 0
D65: 3.3.2. ชุดงานไม้เดิม ซ่อมสภาพ เปลี่ยนอุปกรณ์
D66: - W3 | E66: 4 | F66: ชุด | G66: 12000 | H66: 8000 | I66: =G66+H66 -> 20000 | J66: =E66*I66 -> 80000 | M66: =SUM(J66:J71) -> 187000 | N66: =M66/J3 -> 666.07302 | O66: 12000 | P66: 8000 | Q66: =O66+P66 -> 20000 | R66: =$E66*Q66 -> 80000
D67: - W4 | E67: 6 | F67: ชุด | G67: 6500 | H67: 5000 | I67: =G67+H67 -> 11500 | J67: =E67*I67 -> 69000 | O67: 6500 | P67: 5000 | Q67: =O67+P67 -> 11500 | R67: =$E67*Q67 -> 69000
D68: - W5 | E68: 2 | F68: ชุด | G68: 3500 | H68: 2500 | I68: =G68+H68 -> 6000 | J68: =E68*I68 -> 12000 | O68: 3500 | P68: 2500 | Q68: =O68+P68 -> 6000 | R68: =$E68*Q68 -> 12000
D69: - W6 | E69: 1 | F69: ชุด | G69: 2000 | H69: 1500 | I69: =G69+H69 -> 3500 | J69: =E69*I69 -> 3500 | O69: 2000 | P69: 1500 | Q69: =O69+P69 -> 3500 | R69: =$E69*Q69 -> 3500
D70: - W7 (ยกเลิกงานซ่อม เปลี่ยนเป็นงานทำใหม่) | E70: 4 | F70: ชุด | G70: 2500 | H70: 2000 | I70: =G70+H70 -> 4500 | J70: =E70*I70 -> 18000 | O70: 2500 | P70: 2000 | Q70: =O70+P70 -> 4500 | R70: =$E70*Q70 -> 18000
D71: - W8 | E71: 1 | F71: ชุด | G71: 2500 | H71: 2000 | I71: =G71+H71 -> 4500 | J71: =E71*I71 -> 4500 | O71: 2500 | P71: 2000 | Q71: =O71+P71 -> 4500 | R71: =$E71*Q71 -> 4500
D72: ….
D73: 3.3.2. ชุดงานไม้เดิม เปลี่ยนใหม่ทั้งชุด-ขยายขนาด D1 | E73: 1 | F73: ชุด | G73: 25000 | H73: 20000 | I73: =G73+H73 -> 45000 | J73: =E73*I73 -> 45000 | K73: ประตูทางเข้า | M73: =SUM(J73:J79) -> 182000 | N73: =M73/J3 -> 648.26358 | O73: 25000 | P73: 20000 | Q73: =O73+P73 -> 45000 | R73: =$E73*Q73 -> 45000
D74: 3.3.3. ชุดบานไม้เดิม เปลี่ยน เป็นชุดอลูมีเนียม W1 | E74: 1 | F74: ชุด | G74: 12000 | H74: 8000 | I74: =G74+H74 -> 20000 | J74: =E74*I74 -> 20000 | K74: open well | O74: 12000 | P74: 8000 | Q74: =O74+P74 -> 20000 | R74: =$E74*Q74 -> 20000
D75: 3.3.4. ชุดงานอลูมีเนียมเดิม เปลี่ยน ชุดใหม่ทั้งชุด
D76: - ห้องนั่งเล่น (W2) | E76: 1 | F76: ชุด | G76: 8000 | H76: 5000 | I76: =G76+H76 -> 13000 | J76: =E76*I76 -> 13000 | O76: 8000 | P76: 5000 | Q76: =O76+P76 -> 13000 | R76: =$E76*Q76 -> 13000
D77: - ห้องออกกำลังกาย (D2,D3) | E77: 2 | F77: ชุด | G77: 23000 | H77: 20000 | I77: =G77+H77 -> 43000 | J77: =E77*I77 -> 86000 | O77: 23000 | P77: 20000 | Q77: =O77+P77 -> 43000 | R77: =$E77*Q77 -> 86000
D78: - ห้องน้ำแม่บ้าน (D5) | E78: 1 | F78: ชุด | G78: 4000 | H78: 3000 | I78: =G78+H78 -> 7000 | J78: =E78*I78 -> 7000 | O78: 4000 | P78: 3000 | Q78: =O78+P78 -> 7000 | R78: =$E78*Q78 -> 7000
D79: - ห้องแม่บ้าน (D4) | E79: 1 | F79: ชุด | G79: 6000 | H79: 5000 | I79: =G79+H79 -> 11000 | J79: =E79*I79 -> 11000 | O79: 6000 | P79: 5000 | Q79: =O79+P79 -> 11000 | R79: =$E79*Q79 -> 11000
C81: 3.4 | D81: งานเปลี่ยนสุขภัณฑ์ และ อุปกรณ์ ประกอบ
C82: 3.4.1 | D82: Owner Use
D83: - โถสุขภัณฑ์นั่งราบ และอุปกรณ์ | E83: 3 | F83: set | G83: By Owner | H83: 1000 | I83: =H83 -> 1000 | J83: =E83*I83 -> 3000 | M83: =SUM(J83:J100) -> 171550 | N83: =J3 -> 280.75 | O83: By Owner | P83: 1000 | Q83: =P83 -> 1000 | R83: =$E83*Q83 -> 3000
D84: - ฝักบัวอาบน้ำ และอุปกรณ์ | E84: 3 | F84: set | G84: By Owner | H84: 1000 | I84: =H84 -> 1000 | J84: =E84*I84 -> 3000 | O84: By Owner | P84: 1000 | Q84: =P84 -> 1000 | R84: =$E84*Q84 -> 3000
D85: - อ่างล้างมือ, ก๊อก และอุปกรณ์ | E85: 3 | F85: set | G85: By Owner | H85: 1000 | I85: =H85 -> 1000 | J85: =E85*I85 -> 3000 | O85: By Owner | P85: 1000 | Q85: =P85 -> 1000 | R85: =$E85*Q85 -> 3000
D86: - อ่างล้างจาน, ก๊อก และอุปกรณ์ | E86: 1 | F86: set | G86: 10000 | H86: 1500 | I86: =G86+H86 -> 11500 | J86: =E86*I86 -> 11500 | O86: 10000 | P86: 1500 | Q86: =O86+P86 -> 11500 | R86: =$E86*Q86 -> 11500
D87: - Shower partition | E87: 3 | F87: set | G87: 15000 | H87: 2000 | I87: =G87+H87 -> 17000 | J87: =E87*I87 -> 51000 | O87: 15000 | P87: 2000 | Q87: =O87+P87 -> 17000 | R87: =$E87*Q87 -> 51000
D88: - Accessory(ชุดสายชำระ) | E88: 3 | F88: set | G88: 1200 | H88: 250 | I88: =G88+H88 -> 1450 | J88: =E87*I88 -> 4350 | O88: 1200 | P88: 250 | Q88: =O88+P88 -> 1450 | R88: =$E88*Q88 -> 4350
D89: - Other | E89: 1 | F89: lot | G89: 2000 | H89: 1500 | I89: =G89+H89 -> 3500 | J89: =E89*I89 -> 3500 | O89: 2000 | P89: 1500 | Q89: =O89+P89 -> 3500 | R89: =$E89*Q89 -> 3500
C90: 3.4.2 | D90: Maid Use
D91: - โถสุขภัณฑ์นั่งราบ และอุปกรณ์ | E91: 1 | F91: set | G91: 3500 | H91: 1000 | I91: =G91+H91 -> 4500 | J91: =E91*I91 -> 4500 | O91: 3500 | P91: 1000 | Q91: =O91+P91 -> 4500 | R91: =$E91*Q91 -> 4500
D92: - ฝักบัวอาบน้ำ และอุปกรณ์ | E92: 1 | F92: set | G92: 1500 | H92: 500 | I92: =G92+H92 -> 2000 | J92: =E92*I92 -> 2000 | O92: 1500 | P92: 500 | Q92: =O92+P92 -> 2000 | R92: =$E92*Q92 -> 2000
D93: - อ่างล้างมือ, ก๊อก และอุปกรณ์ | E93: 1 | F93: set | G93: 2000 | H93: 800 | I93: =G93+H93 -> 2800 | J93: =E93*I93 -> 2800 | O93: 2000 | P93: 800 | Q93: =O93+P93 -> 2800 | R93: =$E93*Q93 -> 2800
D94: - Accessory(ชุดสายชำระ) | E94: 1 | F94: set | G94: 650 | H94: 250 | I94: =G94+H94 -> 900 | J94: =E94*I94 -> 900 | O94: 650 | P94: 250 | Q94: =O94+P94 -> 900 | R94: =$E94*Q94 -> 900
D95: - Other | E95: 1 | F95: lot | G95: 1500 | H95: 1000 | I95: =G95+H95 -> 2500 | J95: =E95*I95 -> 2500 | O95: 1500 | P95: 1000 | Q95: =O95+P95 -> 2500 | R95: =$E95*Q95 -> 2500
C96: 3.5 | D96: งานรายละเอียดอาคารอื่นๆ
C97: 3.5.1 | D97: ซ่อมส่วนชำรุดงานราวกันตกระเบียง | E97: 5 | F97: ม. | G97: 1200 | H97: 1300 | I97: =G97+H97 -> 2500 | J97: =E97*I97 -> 12500 | O97: 1200 | P97: 1300 | Q97: =O97+P97 -> 2500 | R97: =$E97*Q97 -> 12500
C98: 3.5.2 | D98: เปลี่ยนบัวเชิงผนัง
D99: - รื้อบัวเดิม-ขนทิ้ง | E99: 100 | F99: ม. | G99: 20 | H99: 100 | I99: =G99+H99 -> 120 | J99: =E99*I99 -> 12000 | O99: 20 | P99: 100 | Q99: =O99+P99 -> 120 | R99: =$E99*Q99 -> 12000
D100: - ติดตั้งบัวใหม่ | E100: 100 | F100: ม. | G100: 300 | H100: 250 | I100: =G100+H100 -> 550 | J100: =E100*I100 -> 55000 | O100: 300 | P100: 250 | Q100: =O100+P100 -> 550 | R100: =$E100*Q100 -> 55000
C102: 4 | D102: งานปรับปรุงรายละเอียดการตกแต่งภายใน | J102: =SUM(J103:J116) -> 250000 | R102: =SUM(R103:R116) -> 250000
C103: 4.1 | D103: งานโป๊ว์, ขัด, เคลือบ พื้นไม้
D104: - พื้นปาร์เก้ทั่วไป | E104: 105 | F104: ตร.ม. | G104: 500 | H104: 500 | I104: =G104+H104 -> 1000 | J104: =E104*I104 -> 105000 | M104: =SUM(J104:J106) -> 123000 | N104: =M104/J3 -> 438.1122 | O104: 500 | P104: 500 | Q104: =O104+P104 -> 1000 | R104: =$E104*Q104 -> 105000
D105: - ลูกขั้นบันได | E105: 12 | F105: ตร.ม. | G105: 500 | H105: 500 | I105: =G105+H105 -> 1000 | J105: =E105*I105 -> 12000 | O105: 500 | P105: 500 | Q105: =O105+P105 -> 1000 | R105: =$E105*Q105 -> 12000
C106: 4.2 | D106: งานฟอกสี ราวบันได ใหม่ | E106: 6 | F106: ม. | G106: 500 | H106: 500 | I106: =G106+H106 -> 1000 | J106: =E106*I106 -> 6000 | O106: 500 | P106: 500 | Q106: =O106+P106 -> 1000 | R106: =$E106*Q106 -> 6000
C107: 4.3 | D107: งานผนังภายในห้องน้ำ Master
D108: - รื้อผนังห้องเดิม, กระเบื้องพื้น-ผนัง, เคาน์เตอร์เดิม + ขนทิ้ง | E108: 1 | F108: งาน | G108: 5000 | H108: 15000 | I108: =G108+H108 -> 20000 | J108: =E108*I108 -> 20000 | M108: =J108 -> 20000 | N108: =M108/J3 -> 71.237756 | O108: 5000 | P108: 15000 | Q108: =O108+P108 -> 20000 | R108: =$E108*Q108 -> 20000
D109: - งานผนังก่ออิฐ-ฉาบปูน | E109: 6 | F109: ตร.ม. | G109: 650 | H109: 350 | I109: =G109+H109 -> 1000 | J109: =E109*I109 -> 6000 | M109: =SUM(J109:J114) -> 85000 | N109: =M109/J3 -> 302.76046 | O109: 650 | P109: 350 | Q109: =O109+P109 -> 1000 | R109: =$E109*Q109 -> 6000
D110: - ปูกระเบื้องพื้น | E110: 25 | F110: ตร.ม. | G110: 650 | H110: 350 | I110: =G110+H110 -> 1000 | J110: =E110*I110 -> 25000 | O110: 650 | P110: 350 | Q110: =O110+P110 -> 1000 | R110: =$E110*Q110 -> 25000
...

Sheet BILL OF QUANTITY_02 (2)
C2: บัญชีปริมาณงานและราคา Project : งานปรับปรุงและตกแต่งบ้านพักอาศัย | H2: Area | J2: ='[1]List(2)'!$AD$118 -> 280.75 | N2: ='[1]List(2)'!$AD$118 -> 280.75 | S2: Area | U2: ='[1]List(2)'!$AD$118 -> 280.75
H3: Date | S3: Date
C5: Item | D5: Description | E5: Unit | F5: Units Price (THB) | I5: Scope#1 | M5: Scope#2 | Q5: Units Price (THB) | T5: Scope#3
F6: Material | G6: Labor | H6: Total | I6: Qty | J6: Amount | L6: % | M6: Qty | N6: Amount | P6: % | Q6: Material | R6: Labor | S6: Total | T6: Qty | U6: Amount | W6: %
C7: 1 | D7: งานปรับปรุงรายละเอียดอาคารทั่วไป | J7: ='BILL OF QUANTITY_02 (2)'!J22 -> 897200 | K7: =J7/J$2 -> 3195.7257 | L7: =J7/J$20 -> 0.45981842 | N7: ='BILL OF QUANTITY_02 (2)'!N22 -> 732500 | O7: =N7/N$2 -> 2609.0828 | P7: =N7/N$20 -> 0.53234979 | U7: ='BILL OF QUANTITY_02 (2)'!U22 -> 444194 | V7: =U7/U$2 -> 1582.1692 | W7: =U7/U$20 -> 0.57666106
C8: 1.1 | D8: =D23 -> งานหลังคา | J8: =J23 -> 244000 | K8: =J8/J$2 -> 869.10062 | L8: =J8/J$20 -> 0.12505093 | N8: =N23 -> 112000 | O8: =N8/N$2 -> 398.93143 | P8: =N8/N$20 -> 0.081396828 | U8: =U23 -> 42000 | V8: =U8/U$2 -> 149.59929 | W8: =U8/U$20 -> 0.054525195
C9: 1.2 | D9: =D30 -> งานสีอาคาร | J9: =J30 -> 354150 | K9: =J9/J$2 -> 1261.4426 | L9: =J9/J$20 -> 0.18150322 | N9: =N30 -> 354150 | O9: =N9/N$2 -> 1261.4426 | P9: =N9/N$20 -> 0.25738113 | U9: =U30 -> 354150 | V9: =U9/U$2 -> 1261.4426 | W9: =U9/U$20 -> 0.45976424
C10: 1.3 | D10: =D38 -> งานปรับปรุงชุดประตุ-หน้าต่าง | J10: =J38 -> 230000 | K10: =J10/J$2 -> 819.23419 | L10: =J10/J$20 -> 0.11787588 | N10: =N38 -> 144000 | O10: =N10/N$2 -> 512.91184 | P10: =N10/N$20 -> 0.10465306 | U10: =U38 -> 37444 | V10: =U10/U$2 -> 133.37133 | W10: =U10/U$20 -> 0.04861051
C11: 1.4 | D11: =D58 -> งานเปลี่ยนสุขภัณฑ์ และ อุปกรณ์ ประกอบ | J11: =J58 -> 111550 | K11: =J11/J$2 -> 397.32858 | L11: =J11/J$20 -> 0.0571698 | N11: =N58 -> 98850 | O11: =N11/N$2 -> 352.09261 | P11: =N11/N$20 -> 0.071839968 | U11: =U58 -> 7100 | V11: =U11/U$2 -> 25.289403 | W11: =U11/U$20 -> 0.0092173544
C12: 1.5 | D12: =D73 -> งานรายละเอียดอาคารอื่นๆ | J12: =J73 -> 79500 | K12: =J12/J$2 -> 283.17008 | L12: =J12/J$20 -> 0.040744053 | N12: =N73 -> 79500 | O12: =N12/N$2 -> 283.17008 | P12: =N12/N$20 -> 0.057777213 | U12: =U73 -> 24500 | V12: =U12/U$2 -> 87.266251 | W12: =U12/U$20 -> 0.031806364
C13: 2 | D13: งานปรับปรุงรายละเอียดการตกแต่งภายใน | J13: =J78 -> 250000 | K13: =J13/J$2 -> 890.47195 | L13: =J13/J$20 -> 0.12812595 | N13: =N78 -> 51000 | O13: =N13/N$2 -> 181.65628 | P13: =N13/N$20 -> 0.037064627
C14: 3 | D14: งานปรับปรุงระบบไฟฟ้า | J14: =J93 -> 135000 | K14: =J14/J$2 -> 480.85485 | L14: =J14/J$20 -> 0.069188015 | N14: =N93 -> 135000 | O14: =N14/N$2 -> 480.85485 | P14: =N14/N$20 -> 0.098112248 | U14: =U93 -> 26620 | V14: =U14/U$2 -> 94.817453 | W14: =U14/U$20 -> 0.034558588
C15: 4 | D15: งานปรับปรุงระบบสุขาภิบาล | J15: =J111 -> 66500 | K15: =J15/J$2 -> 236.86554 | L15: =J15/J$20 -> 0.034081503 | N15: =N111 -> 50000 | O15: =N15/N$2 -> 178.09439 | P15: =N15/N$20 -> 0.03633787 | U15: =U111 -> 10000 | V15: =U15/U$2 -> 35.618878 | W15: =U15/U$20 -> 0.012982189
C16: 5 | D16: งานอื่นๆ | J16: ='BILL OF QUANTITY_02 (2)'!J117 -> 82000 | K16: =J16/J$2 -> 292.0748 | L16: =J16/J$20 -> 0.042025313 | N16: ='BILL OF QUANTITY_02 (2)'!N117 -> 28000 | O16: =N16/N$2 -> 99.732858 | P16: =N16/N$20 -> 0.020349207 | U16: ='BILL OF QUANTITY_02 (2)'!U117 -> 24000 | V16: =U16/U$2 -> 85.485307 | W16: =U16/U$20 -> 0.031157254
C17: 6 | D17: งานเตรียมการ | J17: ='BILL OF QUANTITY_02 (2)'!J124 -> 144000 | K17: =J17/J$2 -> 512.91184 | L17: =J17/J$20 -> 0.073800549 | N17: ='BILL OF QUANTITY_02 (2)'!N124 -> 144000 | O17: =N17/N$2 -> 512.91184 | P17: =N17/N$20 -> 0.10465306 | U17: ='BILL OF QUANTITY_02 (2)'!U124 -> 144000 | V17: =U17/U$2 -> 512.91184 | W17: =U17/U$20 -> 0.18694353
D18: รวมเบื้องต้น | J18: =SUM(J8:J17) -> 1696700 | K18: =J18/J2 -> 6043.455 | N18: =SUM(N8:N17) -> 1196500 | O18: =N18/N2 -> 4261.7988 | U18: =SUM(U8:U17) -> 669814 | V18: =U18/U2 -> 2385.8023
D19: Over Head & Profit | I19: 0.15 | J19: =J18*I19 -> 254505 | K19: =J19/J2 -> 906.51825 | M19: 0.15 | N19: =N18*M19 -> 179475 | O19: =N19/N2 -> 639.26981 | T19: 0.15 | U19: =U18*T19 -> 100472.1 | V19: =U19/U2 -> 357.87035 | Y19: 175
D20: รวมทั้งหมด | J20: =J18+J19 -> 1951205 | K20: =J20/J2 -> 6949.9733 | N20: =N18+N19 -> 1375975 | O20: =N20/N2 -> 4901.0686 | U20: =U18+U19 -> 770286.1 | V20: =U20/U2 -> 2743.6727 | Y20: =Y19*V20 -> 480142.72
C22: 1 | D22: งานปรับปรุงรายละเอียดอาคารทั่วไป | J22: =SUM(J24:J77)/2 -> 897200 | N22: =SUM(N24:N77)/2 -> 732500 | U22: =SUM(U24:U77)/2 -> 444194
C23: 1.1 | D23: งานหลังคา | J23: =SUM(J25:J29) -> 244000 | N23: =SUM(N25:N29) -> 112000 | U23: =SUM(U25:U29) -> 42000
D24: งานปรับปรุงสภาพกระเบื้องมุงหลังคา และทาสีหลังคา
D25: - งานซ่อมกระเบื้องชำรุด | E25: จุด | F25: 800 | G25: 600 | H25: =F25+G25 -> 1400 | I25: 20 | J25: =I25*$H25 -> 28000 | M25: 20 | N25: =M25*$H25 -> 28000 | Q25: 800 | R25: 600 | S25: =Q25+R25 -> 1400 | T25: 10 | U25: =T25*$H25 -> 14000
D26: - งานซ่อม-เปลี่ยน ตะเข้ราง | E26: เมตร | F26: 800 | G26: 600 | H26: =F26+G26 -> 1400 | I26: 20 | J26: =I26*$H26 -> 28000 | M26: 20 | N26: =M26*$H26 -> 28000 | Q26: 800 | R26: 600 | S26: =Q26+R26 -> 1400 | T26: 10 | U26: =T26*$H26 -> 14000
D27: - งานซ่อม-เปลี่ยน งานไม้ เครื่องหลังคา | E27: เมตร | F27: 800 | G27: 600 | H27: =F27+G27 -> 1400 | I27: 20 | J27: =I27*$H27 -> 28000 | M27: 20 | N27: =M27*$H27 -> 28000 | Q27: 800 | R27: 600 | S27: =Q27+R27 -> 1400 | T27: 10 | U27: =T27*$H27 -> 14000
D28: - งานเก็บปูนทรายครอบกระเบื้อง-ทาRoof seal | E28: ตรม | F28: 800 | G28: 600 | H28: =F28+G28 -> 1400 | I28: 20 | J28: =I28*$H28 -> 28000 | M28: 20 | N28: =M28*$H28 -> 28000 | Q28: 800 | R28: 600 | S28: =Q28+R28 -> 1400 | U28: =T28*$H28 -> 0
D29: - งานทำความสะอากแผ่นกระเบื้อง-ทาสีใหม่ | E29: ตรม | F29: 200 | G29: 350 | H29: =F29+G29 -> 550 | I29: 240 | J29: =I29*$H29 -> 132000 | N29: =M29*$H29 -> 0 | Q29: 200 | R29: 350 | S29: =Q29+R29 -> 550 | U29: =T29*$H29 -> 0
C30: 1.2 | D30: งานสีอาคาร | J30: =SUM(J31:J37) -> 354150 | N30: =SUM(N31:N37) -> 354150 | U30: =SUM(U31:U37) -> 354150
D31: งานรอกWallpaper | E31: ตรม. | F31: 20 | G31: 100 | H31: =F31+G31 -> 120 | I31: 140 | J31: =I31*$H31 -> 16800 | M31: 140 | N31: =M31*$H31 -> 16800 | Q31: 20 | R31: 100 | S31: =Q31+R31 -> 120 | T31: 140 | U31: =T31*$H31 -> 16800
D32: สีผนังปูนฉาบภายใน | E32: ตรม. | F32: 150 | G32: 100 | H32: =F32+G32 -> 250 | I32: 480 | J32: =I32*$H32 -> 120000 | M32: 480 | N32: =M32*$H32 -> 120000 | Q32: 150 | R32: 100 | S32: =Q32+R32 -> 250 | T32: 480 | U32: =T32*$H32 -> 120000
D33: สีผนังปูนฉาบภายนอก | E33: ตรม. | F33: 150 | G33: 120 | H33: =F33+G33 -> 270 | I33: 320 | J33: =I33*$H33 -> 86400 | M33: 320 | N33: =M33*$H33 -> 86400 | Q33: 150 | R33: 120 | S33: =Q33+R33 -> 270 | T33: 320 | U33: =T33*$H33 -> 86400
D34: สีฝ้าเพดาน | E34: ตรม. | F34: 150 | G34: 100 | H34: =F34+G34 -> 250 | I34: 275 | J34: =I34*$H34 -> 68750 | M34: 275 | N34: =M34*$H34 -> 68750 | Q34: 150 | R34: 100 | S34: =Q34+R34 -> 250 | T34: 275 | U34: =T34*$H34 -> 68750
D35: สีราวกันตก | E35: ตรม. | F35: 150 | G35: 150 | H35: =F35+G35 -> 300 | I35: 15 | J35: =I35*$H35 -> 4500 | M35: 15 | N35: =M35*$H35 -> 4500 | Q35: 150 | R35: 150 | S35: =Q35+R35 -> 300 | T35: 15 | U35: =T35*$H35 -> 4500
D36: สีงานไม้เครื่องหลังคา | E36: ตรม. | F36: 200 | G36: 150 | H36: =F36+G36 -> 350 | I36: 150 | J36: =I36*$H36 -> 52500 | M36: 150 | N36: =M36*$H36 -> 52500 | Q36: 200 | R36: 150 | S36: =Q36+R36 -> 350 | T36: 150 | U36: =T36*$H36 -> 52500
D37: สีประตู-หน้าต่างไม้ (วงกบ และบาน) | E37: ตรม. | F37: 300 | G37: 350 | H37: =F37+G37 -> 650 | I37: 8 | J37: =I37*$H37 -> 5200 | M37: 8 | N37: =M37*$H37 -> 5200 | Q37: 300 | R37: 350 | S37: =Q37+R37 -> 650 | T37: 8 | U37: =T37*$H37 -> 5200
C38: 1.3 | D38: งานปรับปรุงชุดประตุ-หน้าต่าง | J38: =SUM(J41:J57) -> 230000 | N38: =SUM(N41:N57) -> 144000 | U38: =SUM(U41:U57) -> 37444
D39: 1.3.1. ชุดงานอลูมีเนียมเดิม ซ่อมสภาพ เปลี่ยนอุปกรณ์
D40: - D1 ชุดงานไม้เดิม เปลี่ยนใหม่ทั้งชุด-ขยายขนาด
D41: - D2,D3 ห้องออกกำลังกาย | E41: ชุด | F41: 23000 | G41: 20000 | H41: =F41+G41 -> 43000 | I41: 2 | J41: =I41*$H41 -> 86000 | N41: =M41*$H41 -> 0
D42: - D4 ห้องแม่บ้าน | E42: ชุด | F42: 6000 | G42: 5000 | H42: =F42+G42 -> 11000 | I42: 1 | J42: =I42*$H42 -> 11000 | M42: 1 | N42: =M42*$H42 -> 11000 | Q42: 1000 | R42: 1493 | S42: =Q42+R42 -> 2493 | T42: 1 | U42: =T42*$S42 -> 2493
D43: - D5 ห้องน้ำแม่บ้าน | E43: ชุด | F43: 4000 | G43: 3000 | H43: =F43+G43 -> 7000 | I43: 1 | J43: =I43*$H43 -> 7000 | M43: 1 | N43: =M43*$H43 -> 7000 | Q43: 1000 | R43: 1494 | S43: =Q43+R43 -> 2494 | T43: 1 | U43: =T43*$S43 -> 2494
D44: - D7 | E44: ชุด | F44: 2000 | G44: 1000 | H44: =F44+G44 -> 3000 | I44: 6 | J44: =I44*$H44 -> 18000 | M44: 6 | N44: =M44*$H44 -> 18000 | Q44: 1000 | R44: 1495 | S44: =Q44+R44 -> 2495 | T44: 6 | U44: =T44*$S44 -> 14970
D45: - D8 (ยกเลิกงานซ่อม เปลี่ยนเป็นงานทำใหม่) | E45: ชุด | F45: 2500 | G45: 1500 | H45: =F45+G45 -> 4000 | I45: 1 | J45: =I45*$H45 -> 4000 | M45: 1 | N45: =M45*$H45 -> 4000 | Q45: 1000 | R45: 1496 | S45: =Q45+R45 -> 2496 | T45: 1 | U45: =T45*$S45 -> 2496
D46: - D9 (ยกเลิกงานซ่อม เปลี่ยนเป็นงานทำใหม่) | E46: ชุด | F46: 2500 | G46: 1500 | H46: =F46+G46 -> 4000 | I46: 2 | J46: =I46*$H46 -> 8000 | M46: 2 | N46: =M46*$H46 -> 8000 | Q46: 1000 | R46: 1497 | S46: =Q46+R46 -> 2497 | T46: 2 | U46: =T46*$S46 -> 4994
D47: - D10 | E47: ชุด | F47: 2500 | G47: 1500 | H47: =F47+G47 -> 4000 | I47: 1 | J47: =I47*$H47 -> 4000 | M47: 1 | N47: =M47*$H47 -> 4000 | Q47: 1000 | R47: 1498 | S47: =Q47+R47 -> 2498 | T47: 1 | U47: =T47*$S47 -> 2498
D48: - D11 | E48: ชุด | F48: 2500 | G48: 1500 | H48: =F48+G48 -> 4000 | I48: 1 | J48: =I48*$H48 -> 4000 | M48: 1 | N48: =M48*$H48 -> 4000 | Q48: 1000 | R48: 1499 | S48: =Q48+R48 -> 2499 | T48: 1 | U48: =T48*$S48 -> 2499
D49: - D12 | E49: ชุด | F49: 2500 | G49: 1500 | H49: =F49+G49 -> 4000 | I49: 2 | J49: =I49*$H49 -> 8000 | M49: 2 | N49: =M49*$H49 -> 8000 | Q49: 1000 | R49: 1500 | S49: =Q49+R49 -> 2500 | T49: 2 | U49: =T49*$S49 -> 5000
D50: - W1 ชุดบานไม้เดิม เปลี่ยน เป็นชุดอลูมีเนียม | E50: ชุด | F50: 2500 | G50: 1500 | H50: =F50+G50 -> 4000 | I50: 1 | J50: =I50*$H50 -> 4000 | M50: 1 | N50: =M50*$H50 -> 4000 | Q50: 2500 | R50: 1500 | S50: =Q50+R50 -> 4000 | U50: =T50*$H50 -> 0
D51: - W2 ห้องนั่งเล่น | E51: ชุด | F51: 2500 | G51: 1500 | H51: =F51+G51 -> 4000 | I51: 1 | J51: =I51*$H51 -> 4000 | M51: 1 | N51: =M51*$H51 -> 4000 | Q51: 2500 | R51: 1500 | S51: =Q51+R51 -> 4000 | U51: =T51*$H51 -> 0
D52: - W3 | E52: ชุด | F52: 2500 | G52: 1500 | H52: =F52+G52 -> 4000 | I52: 4 | J52: =I52*$H52 -> 16000 | M52: 4 | N52: =M52*$H52 -> 16000 | Q52: 2500 | R52: 1500 | S52: =Q52+R52 -> 4000 | U52: =T52*$H52 -> 0
D53: - W4 | E53: ชุด | F53: 2500 | G53: 1500 | H53: =F53+G53 -> 4000 | I53: 6 | J53: =I53*$H53 -> 24000 | M53: 6 | N53: =M53*$H53 -> 24000 | Q53: 2500 | R53: 1500 | S53: =Q53+R53 -> 4000 | U53: =T53*$H53 -> 0
D54: - W5 | E54: ชุด | F54: 2500 | G54: 1500 | H54: =F54+G54 -> 4000 | I54: 2 | J54: =I54*$H54 -> 8000 | M54: 2 | N54: =M54*$H54 -> 8000 | Q54: 2500 | R54: 1500 | S54: =Q54+R54 -> 4000 | U54: =T54*$H54 -> 0
D55: - W6 | E55: ชุด | F55: 2500 | G55: 1500 | H55: =F55+G55 -> 4000 | I55: 1 | J55: =I55*$H55 -> 4000 | M55: 1 | N55: =M55*$H55 -> 4000 | Q55: 2500 | R55: 1500 | S55: =Q55+R55 -> 4000 | U55: =T55*$H55 -> 0
D56: - W7 (ยกเลิกงานซ่อม เปลี่ยนเป็นงานทำใหม่) | E56: ชุด | F56: 2500 | G56: 1500 | H56: =F56+G56 -> 4000 | I56: 4 | J56: =I56*$H56 -> 16000 | M56: 4 | N56: =M56*$H56 -> 16000 | Q56: 2500 | R56: 1500 | S56: =Q56+R56 -> 4000 | U56: =T56*$H56 -> 0
D57: - W8 | E57: ชุด | F57: 2500 | G57: 1500 | H57: =F57+G57 -> 4000 | I57: 1 | J57: =I57*$H57 -> 4000 | M57: 1 | N57: =M57*$H57 -> 4000 | Q57: 2500 | R57: 1500 | S57: =Q57+R57 -> 4000 | U57: =T57*$H57 -> 0
C58: 1.4 | D58: งานเปลี่ยนสุขภัณฑ์ และ อุปกรณ์ ประกอบ | J58: =SUM(J60:J72) -> 111550 | N58: =SUM(N60:N72) -> 98850 | U58: =SUM(U60:U72) -> 7100
C59: 1.4.1 | D59: Owner Use
D60: - โถสุขภัณฑ์นั่งราบ และอุปกรณ์ | E60: set | F60: 4500 | G60: 1000 | H60: =F60+G60 -> 5500 | I60: 3 | J60: =I60*$H60 -> 16500 | M60: 3 | N60: =M60*$H60 -> 16500 | Q60: 2000 | R60: 300 | S60: =R60 -> 300 | T60: 3 | U60: =T60*$S60 -> 900
D61: - ฝักบัวอาบน้ำ และอุปกรณ์ | E61: set | F61: 2500 | G61: 1000 | H61: =F61+G61 -> 3500 | I61: 3 | J61: =I61*$H61 -> 10500 | M61: 3 | N61: =M61*$H61 -> 10500
D62: - อ่างล้างมือ, ก๊อก และอุปกรณ์ | E62: set | F62: 2500 | G62: 1000 | H62: =F62+G62 -> 3500 | I62: 3 | J62: =I62*$H62 -> 10500 | M62: 3 | N62: =M62*$H62 -> 10500
D63: - อ่างล้างจาน, ก๊อก และอุปกรณ์ | E63: set | F63: 10000 | G63: 1500 | H63: =F63+G63 -> 11500 | I63: 1 | J63: =I63*$H63 -> 11500 | M63: 1 | N63: =M63*$H63 -> 11500
D64: - Shower partition | E64: set | F64: 12000 | G64: 2000 | H64: =F64+G64 -> 14000 | I64: 3 | J64: =I64*$H64 -> 42000 | M64: 3 | N64: =M64*$H64 -> 42000
D65: - Accessory(ชุดสายชำระ) | E65: set | F65: 1200 | G65: 250 | H65: =F65+G65 -> 1450 | I65: 3 | J65: =I65*$H65 -> 4350 | M65: 3 | N65: =M65*$H65 -> 4350 | Q65: 650 | R65: 250 | S65: =Q65+R65 -> 900 | T65: 3 | U65: =T65*$S65 -> 2700
D66: - Other | E66: lot | F66: 2000 | G66: 1500 | H66: =F66+G66 -> 3500 | I66: 1 | J66: =I66*$H66 -> 3500 | M66: 1 | N66: =M66*$H66 -> 3500 | Q66: 2000 | R66: 1500 | S66: =Q66+R66 -> 3500 | T66: 1 | U66: =T66*$H66 -> 3500
C67: 1.4.2 | D67: Maid Use | J67: =I67*$H67 -> 0 | N67: =M67*$H67 -> 0 | U67: =T67*$H67 -> 0
D68: - โถสุขภัณฑ์นั่งราบ และอุปกรณ์ | E68: set | F68: 3500 | G68: 1000 | H68: =F68+G68 -> 4500 | I68: 1 | J68: =I68*$H68 -> 4500 | N68: =M68*$H68 -> 0 | U68: =T68*$H68 -> 0
D69: - ฝักบัวอาบน้ำ และอุปกรณ์ | E69: set | F69: 1500 | G69: 500 | H69: =F69+G69 -> 2000 | I69: 1 | J69: =I69*$H69 -> 2000 | N69: =M69*$H69 -> 0 | U69: =T69*$H69 -> 0
D70: - อ่างล้างมือ, ก๊อก และอุปกรณ์ | E70: set | F70: 2000 | G70: 800 | H70: =F70+G70 -> 2800 | I70: 1 | J70: =I70*$H70 -> 2800 | N70: =M70*$H70 -> 0 | U70: =T70*$H70 -> 0
D71: - Accessory(ชุดสายชำระ) | E71: set | F71: 650 | G71: 250 | H71: =F71+G71 -> 900 | I71: 1 | J71: =I71*$H71 -> 900 | N71: =M71*$H71 -> 0 | U71: =T71*$H71 -> 0
D72: - Other | E72: lot | F72: 1500 | G72: 1000 | H72: =F72+G72 -> 2500 | I72: 1 | J72: =I72*$H72 -> 2500 | N72: =M72*$H72 -> 0 | U72: =T72*$H72 -> 0
C73: 1.5 | D73: งานรายละเอียดอาคารอื่นๆ | J73: =SUM(J74:J77) -> 79500 | N73: =SUM(N74:N77) -> 79500 | U73: =SUM(U74:U77) -> 24500
C74: 1.5.1 | D74: ซ่อมส่วนชำรุดงานราวกันตกระเบียง | E74: ม. | F74: 1200 | G74: 1300 | H74: =F74+G74 -> 2500 | I74: 5 | J74: =I74*$H74 -> 12500 | M74: 5 | N74: =M74*$H74 -> 12500 | Q74: 1200 | R74: 1300 | S74: =Q74+R74 -> 2500 | T74: 5 | U74: =T74*$H74 -> 12500
C75: 1.5.2 | D75: เปลี่ยนบัวเชิงผนัง | J75: =I75*$H75 -> 0 | N75: =M75*$H75 -> 0 | U75: =T75*$H75 -> 0
D76: - รื้อบัวเดิม-ขนทิ้ง | E76: ม. | F76: 20 | G76: 100 | H76: =F76+G76 -> 120 | I76: 100 | J76: =I76*$H76 -> 12000 | M76: 100 | N76: =M76*$H76 -> 12000 | Q76: 20 | R76: 100 | S76: =Q76+R76 -> 120 | T76: 100 | U76: =T76*$H76 -> 12000
D77: - ติดตั้งบัวใหม่ | E77: ม. | F77: 300 | G77: 250 | H77: =F77+G77 -> 550 | I77: 100 | J77: =I77*$H77 -> 55000 | M77: 100 | N77: =M77*$H77 -> 55000
C78: 2 | D78: งานปรับปรุงรายละเอียดการตกแต่งภายใน | J78: =SUM(J79:J92) -> 250000 | N78: =SUM(N79:N92) -> 51000 | U78: =SUM(U79:U92) -> 0
C79: 4.1 | D79: งานโป๊ว์, ขัด, เคลือบ พื้นไม้
D80: - พื้นปาร์เก้ทั่วไป | E80: ตร.ม. | F80: 500 | G80: 500 | H80: =F80+G80 -> 1000 | I80: 105 | J80: =I80*$H80 -> 105000 | N80: =M80*$H80 -> 0
D81: - ลูกขั้นบันได | E81: ตร.ม. | F81: 500 | G81: 500 | H81: =F81+G81 -> 1000 | I81: 12 | J81: =I81*$H81 -> 12000
C82: 4.2 | D82: งานฟอกสี ราวบันได ใหม่ | E82: ม. | F82: 500 | G82: 500 | H82: =F82+G82 -> 1000 | I82: 6 | J82: =I82*$H82 -> 6000
C83: 4.3 | D83: งานผนังภายในห้องน้ำ Master | J83: =I83*$H83 -> 0
D84: - รื้อผนังห้องเดิม, กระเบื้องพื้น-ผนัง, เคาน์เตอร์เดิม + ขนทิ้ง | E84: งาน | F84: 5000 | G84: 15000 | H84: =F84+G84 -> 20000 | I84: 1 | J84: =I84*$H84 -> 20000
D85: - งานผนังก่ออิฐ-ฉาบปูน | E85: ตร.ม. | F85: 650 | G85: 350 | H85: =F85+G85 -> 1000 | I85: 6 | J85: =I85*$H85 -> 6000
D86: - ปูกระเบื้องพื้น | E86: ตร.ม. | F86: 650 | G86: 350 | H86: =F86+G86 -> 1000 | I86: 25 | J86: =I86*$H86 -> 25000
D87: - ปูกระเบื้องผนัง | E87: ตร.ม. | F87: 650 | G87: 350 | H87: =F87+G87 -> 1000 | I87: 25 | J87: =I87*$H87 -> 25000
D88: - เคาน์เตอร์อ่างล้างหน้า | E88: เมตร | F88: 4000 | G88: 2000 | H88: =F88+G88 -> 6000 | I88: 2 | J88: =I88*$H88 -> 12000 | M88: 2 | N88: =M88*$H88 -> 12000
D89: - ตู้กระจกเงา | E89: ชุด | F89: 6500 | G89: 3500 | H89: =F89+G89 -> 10000 | I89: 1 | J89: =I89*$H89 -> 10000 | M89: 1 | N89: =M89*$H89 -> 10000
D90: - ตู้ใต้counter | E90: ชุด | F90: 6500 | G90: 500 | H90: =F90+G90 -> 7000 | I90: 1 | J90: =I90*$H90 -> 7000 | M90: 1 | N90: =M90*$H90 -> 7000
C91: 4.4 | D91: งานรื้อตู้ใต้อ่างล้างหน้า อื่นๆ-ทำใหม่ | J91: =I91*$H91 -> 0 | N91: =M91*$H91 -> 0
D92: - ตู้เคาเตอร์อ่างล้างหน้า + ท็อปหินแกรนิตสีดำ | E92: ชุด | F92: 6500 | G92: 4500 | H92: =F92+G92 -> 11000 | I92: 2 | J92: =I92*$H92 -> 22000 | M92: 2 | N92: =M92*$H92 -> 22000
C93: 3 | D93: งานระบบไฟฟ้า | J93: =SUM(J94:J110) -> 135000 | N93: =SUM(N94:N110) -> 135000 | U93: =SUM(U94:U110) -> 26620
C94: 5.1 | D94: งานเปลี่ยนสายไฟฟ้าภายในใหม่
D95: - ตู้Main Board 24ช่อง | E95: ตู้ | F95: 18000 | G95: 2500 | H95: =F95+G95 -> 20500 | I95: 1 | J95: =I95*$H95 -> 20500 | M95: 1 | N95: =M95*$H95 -> 20500 | Q95: 18000 | R95: 2500 | S95: =Q95+R95 -> 20500 | U95: =T95*$H95 -> 0
C96: 5.2 | D96: งานเปลี่ยนสายไฟฟ้าภายในใหม่ | J96: =I96*$H96 -> 0 | N96: =M96*$H96 -> 0 | U96: =T96*$H96 -> 0
D97: 2.5mm2 IEC01 | E97: ม. | F97: 11 | G97: 12 | H97: =F97+G97 -> 23 | I97: 600 | J97: =I97*$H97 -> 13800 | M97: 600 | N97: =M97*$H97 -> 13800 | Q97: 11 | R97: 12 | S97: =Q97+R97 -> 23 | U97: =T97*$H97 -> 0
D98: 4.0mm2 IEC01 | E98: ม. | F98: 14 | G98: 16 | H98: =F98+G98 -> 30 | I98: 600 | J98: =I98*$H98 -> 18000 | M98: 600 | N98: =M98*$H98 -> 18000 | Q98: 14 | R98: 16 | S98: =Q98+R98 -> 30 | U98: =T98*$H98 -> 0
D99: - RG11 / Cat 6 | E99: ม. | F99: 20 | G99: 20 | H99: =F99+G99 -> 40 | I99: 305 | J99: =I99*$H99 -> 12200 | M99: 305 | N99: =M99*$H99 -> 12200 | Q99: 20 | R99: 20 | S99: =Q99+R99 -> 40 | U99: =T99*$H99 -> 0
D100: - Other รวมงานย้ายสายไฟเบอร์ไปที่ห้องนั่งเล่น | E100: เหมา | F100: 2000 | G100: 1500 | H100: =F100+G100 -> 3500 | I100: 1 | J100: =I100*$H100 -> 3500 | M100: 1 | N100: =M100*$H100 -> 3500 | Q100: 2000 | R100: 1500 | S100: =Q100+R100 -> 3500 | U100: =T100*$H100 -> 0
C101: 5.3 | D101: งานเปลี่ยนสวิทส์-ปลั๊ก | J101: =I101*$H101 -> 0 | N101: =M101*$H101 -> 0 | U101: =T101*$H101 -> 0
D102: [1gang, 1plate] | E102: set | F102: 250 | G102: 300 | H102: =F102+G102 -> 550 | I102: 14 | J102: =I102*$H102 -> 7700 | M102: 14 | N102: =M102*$H102 -> 7700 | Q102: 120 | R102: 100 | S102: =Q102+R102 -> 220 | T102: 14 | U102: =T102*$S102 -> 3080
D103: [2gang, 1plate] | E103: set | F103: 350 | G103: 300 | H103: =F103+G103 -> 650 | I103: 12 | J103: =I103*$H103 -> 7800 | M103: 12 | N103: =M103*$H103 -> 7800 | Q103: 120 | R103: 100 | S103: =Q103+R103 -> 220 | T103: 12 | U103: =T103*$S103 -> 2640
...
